 Dungeon Crawl Stone Soup version 0.30-a0-575-g6f4a10e2d2 (webtiles) character file.

Game seed: 16963986678167870984

18042 M4edhros the Blocker (level 12, -10/81 HPs)
             Began as an Octopode Artificer on Dec 30, 2022.
             Was a High Priest of Cheibriados.
             Mangled by a black mamba (11 damage)
             ... on level 5 of the Lair of Beasts.
             The game lasted 00:29:03 (4472 turns).

M4edhros the Blocker (Octopode Artificer)           Turns: 4472, Time: 00:29:04

Health: -10/81     AC:  4    Str: 28    XL:     12   Next: 54%
Magic:  15/18      EV: 22    Int: 26    God:    Cheibriados [*****.]
Gold:   269        SH: 16    Dex: 35    Spells: 12/19 levels left

rFire   . . .      SeeInvis +    F - +2 morningstar (protect)
rCold   + . .      Faith    .    D - +0 kite shield {AC+3}
rNeg    . . .      Spirit   .    (helmet restricted)
rPois   .          Reflect  .    (no amulet)
rElec   .          Harm     .    o - ring of willpower
rCorr   +          Rampage  .    y - ring of protection from fire
Will    +....                    C - +6 ring of dexterity
Stlth   +++++                    m - ring of resist corrosion
HPRegen 0.33/turn                q - ring of see invisible
MPRegen 0.16/turn                I - ring of ice
                                 (no ring)
                                 (no ring)

@: lethally poisoned (-10 -> -13), studying Evocations, very slow
A: almost no armour, amphibious, 8 rings, camouflage 1, gelatinous body 1,
(nimble swimmer 1), tentacles, tentacle spike 1, strong 1, subdued magic 1,
MP-powered wands
a: Renounce Religion, Bend Time, Temporal Distortion, Slouch, Step From Time


You were on level 5 of the Lair of Beasts.
You worshipped Cheibriados.
Cheibriados was extremely pleased with you.
You visited 2 branches of the dungeon, and saw 16 of its levels.

You collected 456 gold pieces.
You spent 187 gold pieces at shops.

Inventory:

Hand Weapons
 b - the +7 arbalest of Atiorghu {antimagic, *Corrode rF+ rC++ rN+ Will+}
   (You found it on level 7 of the Dungeon)

   It reduces the magical energy of the wielder, and disrupts the spells and
   magical abilities of those it strikes.
   Natural abilities and divine invocations are not affected.
   rF:        It protects you from fire.
   rC:        It greatly protects you from cold.
   rN:        It protects you from negative energy.
   *Corrode:  It may corrode you when you take damage.
   Will:      It increases your willpower.
 u - a +0 sling
 F - a +2 morningstar of protection (weapon)
 G - the +8 trident of Exquisite Death {pain, rPois Will++}
   (You found it on level 10 of the Dungeon)

   In the hands of one skilled in necromantic magic, it inflicts extra damage on
   living creatures.
   rPois:     It protects you from poison.
   Will:      It greatly increases your willpower.
Missiles
 g - 7 boomerangs
 l - 6 curare-tipped darts
 n - 30 poisoned darts (quivered)
 x - 2 throwing nets
Armour
 D - a +0 kite shield of protection (worn)
Jewellery
 m - a ring of resist corrosion (on tentacle)
 o - a ring of willpower (left tentacle)
 q - a ring of see invisible (on tentacle)
 y - a ring of protection from fire (right tentacle)
 C - a +6 ring of dexterity (on tentacle)
 I - a ring of ice (on tentacle)
Wands
 c - a wand of charming (3)
 K - a wand of polymorph (1)
Scrolls
 e - 4 scrolls of fog
 h - a scroll of silence {unknown}
 i - a scroll of magic mapping {unknown}
 j - a scroll of teleportation
 p - 2 scrolls of blinking {unknown}
 v - 3 scrolls of amnesia
 w - a scroll of immolation
 z - a scroll of vulnerability
 E - a scroll of poison
Potions
 a - a potion of mutation
 f - a potion of heal wounds
 k - 2 potions of brilliance
 r - a potion of flight
 s - 2 potions of attraction
 t - a potion of invisibility {unknown}
 H - 3 potions of might
 L - a potion of curing


   Skills:
 + Level 7.6 Fighting
 * Level 7.6 Maces & Flails
 + Level 7.9 Dodging
 - Level 4.9 Stealth
 * Level 9.7 Shields
 - Level 7.2 Unarmed Combat
 + Level 4.0 Spellcasting
 - Level 5.5 Transmutations
 + Level 8.8 Evocations


You had 12 spell levels left.
You knew the following spells:

 Your Spells              Type           Power      Damage    Failure   Level
a - Wereblood             Tmut           26%        N/A       2%          2
b - Poisonous Vapours     Pois/Air       8%         N/A       24%         2
c - Mephitic Cloud        Conj/Pois/Air  4%         N/A       45%         3

Your spell library contained the following spells:

 Spells                   Type           Power      Damage    Failure   Level
 Slow                     Hex            16%        N/A       16%         1
 Ignite Poison            Fire/Tmut/Pois 11%        N/A       22%         3
 Cigotuvi's Dreadful Rot  Necr/Pois/Air  8%         N/A       24%         2
 Sublimation of Blood     Necr           4%         N/A       24%         2
 Confusing Touch          Hex            4%         N/A       45%         3
 Portal Projectile        Hex/Tloc       8%         N/A       45%         3
 Tukima's Dance           Hex            4%         N/A       45%         3
 Vampiric Draining        Necr           4%         2d6       45%         3
 Blade Hands              Tmut           13%        N/A       45%         5
 Sticky Flame             Conj/Fire      4%         2d3       86%         4
 Summon Hydra             Summ           2%         N/A       100%        7
 Ignition                 Fire           2%         3d3       100%        8


Dungeon Overview and Level Annotations

Branches:
Dungeon (11/15)            Temple (0/1) D:7            Lair (5/5) D:11
  Swamp: Lair:2-3    Shoals: Lair:2-3     Snake: Lair:2-3    Spider: Lair:2-3
  Slime: Lair:4-5       Orc: D:9-12

Altars:
Ashenzari
Cheibriados
Gozag
Hepliaklqana
Nemelex Xobeh
Okawaru
Ru
Sif Muna
Uskayaw

Shops:
D:1 [   D:7 (   D:8 *

Annotations:
Lair:1 3 runed translucent doors, NoOffense's ghost, journeyman DEEn


Innate Abilities, Weirdness & Mutations

You cannot wear most types of armour.
You are amphibious.
You can wear up to eight rings at the same time.
Your skin changes colour to match your surroundings (Stealth+).
Your rubbery body absorbs attacks. (AC +1, EV +1)
((You are camouflaged when in or above water. (Stealth+)))
You have tentacles for arms and can constrict up to eight enemies at once.
One of your tentacles bears a spike.
Your muscles are strong. (Str +4, Int/Dex -1)
Your spells are a little easier to cast, but a little less powerful.
You expend magic power (3 MP) to strengthen your wands.


Message History

You are poisoned.
The water moccasin poisons you!
A wyvern comes into view.
You block the water moccasin's attack.
You puncture the water moccasin!
You pierce the water moccasin.
You kill the water moccasin!
Cheibriados thoroughly appreciates the change of pace.
You feel sick.
Your wyvern barely misses the black mamba.
A water moccasin comes into view.
You block the cane toad's attack.
Your wyvern bites the black mamba!
You barely miss the cane toad. You grab the cane toad.
You pierce the cane toad.
You squeeze the cane toad.
The cane toad is lightly wounded.
You constrict the cane toad.
You feel sick. You block the black mamba's attack.
Your wyvern bites the black mamba.
You block the cane toad's attack. The black mamba bites you!
* * * LOW HITPOINT WARNING * * *
The cane toad misses you.
Your wyvern closely misses the black mamba.
Unknown command.
You closely miss the black mamba. Your grab misses the black mamba.
Your tentacle spike misses the black mamba.
The black mamba is moderately wounded.
You constrict the cane toad!
You feel sick. The black mamba completely misses you.
Your wyvern barely misses the black mamba.
You block the black mamba's attack. The cane toad closely misses you.
Your wyvern misses the black mamba. You miss the black mamba.
Your grab misses the black mamba.
Your tentacle spike misses the black mamba.
Your squeeze misses the black mamba.
The black mamba is moderately wounded.
You constrict the cane toad.
You feel sick. You block the black mamba's attack.
The wyvern completely misses your wyvern.
You block the black mamba's attack. The cane toad stings you!!
* * * LOW HITPOINT WARNING * * *
Your wyvern closely misses the black mamba.
The wyvern bites your wyvern! The black mamba bites you!
You die...

#.# #P..# ####.##..##
#.#.......######
#.......†#..#... )#
#............... ...#
##...............
#....###................
#...Sl.................
#..lS@P...............
##..FP†...............
##..P...!............
###.................
#.................
...................
F.......############
.........P .........~♣


You could see a black mamba, a cane toad, a water moccasin, a wyvern (ally
target) and a friendly wyvern (charmed).

Vanquished Creatures
  2 hydras
  4 two-headed ogres
  A boulder beetle (D:8)
  Pikel (D:9)
  Joseph (D:9)
  2 elephants (Lair:4)
  A black mamba (Lair:3)
  A gargoyle (D:10)
  7 cane toads
  Maggie (D:7)
  A komodo dragon (Lair:4)
  A kobold demonologist (D:10)
  Sigmund (D:5)
  2 wraiths
  15 yaks
  3 wyverns
  Grum (D:8)
  A steam dragon (D:7)
  4 water moccasins
  2 orc warriors
  3 ice beasts
  4 ogres
  A black bear (D:11)
  16 wolves
  A lemure (D:9)
  5 centaurs (D:10)
  A phantom (D:6)
  2 kobold brigands
  4 bullfrogs
  A necrophage (D:5)
  2 scorpions
  2 gnoll sergeants
  6 wights (D:9)
  12 killer bees
  3 howler monkeys
  2 hounds (D:6)
  8 orc priests
  A jelly (D:5)
  8 orc wizards
  9 gnolls
  8 adders
  A white imp (D:7)
  An ufetubus (D:6)
  2 worms
  A dart slug (D:4)
  26 orcs
  6 endoplasms
  7 giant cockroaches
  4 goblins (D:1)
  4 hobgoblins
  3 jackals (D:5)
  5 quokkas
  6 ball pythons
  7 bats
  3 frilled lizards
  10 kobolds
  9 rats
246 creatures vanquished.

Vanquished Creatures (collateral kills)
  A steam dragon (D:10)
  A kobold brigand (D:7)
  A howler monkey (D:7)
  2 hounds (D:4)
  An iguana (D:6)
  An adder (D:4)
  A gnoll (D:6)
  A goblin (D:4)
  2 kobolds (D:7)
11 creatures vanquished.

Vanquished Creatures (others)
  A steam dragon (D:7)
  A black bear (D:6)
  A scorpion (D:4)
  An orc wizard (D:8)
  4 orcs (D:8)
  4 kobolds
  2 fungi
  28 plants
42 creatures vanquished.

Grand Total: 299 creatures vanquished

Notes
Turn   | Place    | Note
-------+----------+-------------------------------------------
     0 | D:1      | M4edhros the Octopode Artificer began the quest for the
                  | Orb.
     0 | D:1      | Reached XP level 1. HP: 13/13 MP: 1/1
   143 | D:1      | Reached XP level 2. HP: 18/18 MP: 2/2
   144 | D:1      | Found Risyaci's Antique Armour Boutique.
   220 | D:1      | You fall into a shaft and drop 1 floor!
   237 | D:3      | Reached skill level 1 in Unarmed Combat
   306 | D:4      | Reached XP level 3. HP: 18/23 MP: 3/3
   334 | D:4      | Noticed a scorpion
   339 | D:4      | Reached XP level 4. HP: 28/28 MP: 4/4
   407 | D:4      | Learned a level 2 spell: Wereblood
   440 | D:5      | Entered Level 5 of the Dungeon
   445 | D:5      | Noticed an ogre
   446 | D:5      | Noticed a scorpion
   451 | D:5      | Killed an ogre
   452 | D:5      | Reached XP level 5. HP: 34/34 MP: 5/5
   455 | D:5      | Reached skill level 1 in Transmutations
   455 | D:5      | Reached XP level 6. HP: 32/40 MP: 6/6
   533 | D:5      | Noticed Sigmund
   540 | D:5      | Killed Sigmund
   541 | D:5      | Reached XP level 7. HP: 29/45 MP: 7/7
   921 | D:6      | Found a snail-covered altar of Cheibriados.
   921 | D:6      | Found an opulent altar of Gozag.
   922 | D:6      | Found a sacrificial altar of Ru.
   963 | D:6      | Found an iron altar of Okawaru.
   965 | D:6      | Became a worshipper of Cheibriados the Contemplative
  1025 | D:3      | Found a faded altar of an unknown god.
  1243 | D:2      | Reached XP level 8. HP: 41/52 MP: 8/8
  1246 | D:2      | Learned a level 2 spell: Poisonous Vapours
  1250 | D:2      | Learned a level 3 spell: Mephitic Cloud
  1308 | D:1      | Reached * piety under Cheibriados
  1629 | D:1      | Bought a runed kite shield for 187 gold pieces
  1684 | D:3      | Gained mutation: Your spells are a little easier to cast,
                  | but a little less powerful. [potion of mutation]
  1684 | D:3      | Gained mutation: Your muscles are strong. (Str +4, Int/Dex
                  | -1) [potion of mutation]
  1684 | D:3      | Gained mutation: One of your tentacles bears a spike.
                  | [potion of mutation]
  1684 | D:3      | Gained mutation: You expend magic power (3 MP) to
                  | strengthen your wands. [potion of mutation]
  1811 | D:3      | Found a hide-covered altar of Uskayaw.
  1831 | D:3      | Reached ** piety under Cheibriados
  1947 | D:3      | Reached skill level 1 in Shields
  2053 | D:7      | Found a staircase to the Ecumenical Temple.
  2099 | D:7      | Noticed a wyvern
  2104 | D:7      | Reached skill level 2 in Shields
  2104 | D:7      | Reached skill level 5 in Unarmed Combat
  2105 | D:7      | Noticed Maggie
  2115 | D:7      | Killed Maggie
  2123 | D:7      | Reached skill level 3 in Shields
  2204 | D:7      | Found Pigyl's Weapon Shoppe.
  2212 | D:7      | Killed a wyvern
  2213 | D:7      | Reached XP level 9. HP: 28/58 MP: 5/9
  2274 | D:6      | Reached *** piety under Cheibriados
  2305 | D:6      | Reached skill level 5 in Dodging
  2383 | D:6      | Found a sparkling altar of Nemelex Xobeh.
  2390 | D:6      | Reached skill level 4 in Shields
  2522 | D:8      | Noticed a two-headed ogre
  2537 | D:8      | Killed a two-headed ogre
  2538 | D:8      | Reached skill level 5 in Fighting
  2538 | D:8      | Reached skill level 5 in Shields
  2604 | D:7      | Identified the +7 arbalest of Atiorghu {antimagic, *Corrode
                  | rF+ rC++ rN+ Will+}
  2626 | D:8      | Reached XP level 10. HP: 31/66 MP: 10/10
  2628 | D:8      | Identified a scroll of acquirement
  2629 | D:8      | Acquired a +2 morningstar of protection
  2665 | D:8      | Found a hazy altar of Hepliaklqana.
  2687 | D:8      | Found Teamyfi's Demolitions Depot.
  2691 | D:8      | Reached **** piety under Cheibriados
  2802 | D:9      | Noticed Joseph
  2812 | D:9      | Killed Joseph
  2813 | D:9      | Reached skill level 1 in Maces & Flails
  2891 | D:9      | Reached skill level 6 in Shields
  2923 | D:9      | Reached skill level 5 in Transmutations
  2934 | D:8      | Noticed Grum
  2946 | D:8      | Noticed a boulder beetle
  2949 | D:8      | Killed Grum
  2975 | D:8      | Killed a boulder beetle
  3033 | D:10     | Entered Level 10 of the Dungeon
  3167 | D:10     | Acquired a manual of Evocations
  3177 | D:10     | Noticed a two-headed ogre
  3177 | D:10     | Noticed a kobold demonologist
  3187 | D:10     | Identified the +8 trident of Exquisite Death {pain, rPois
                  | Will++}
  3210 | D:9      | Reached skill level 5 in Evocations
  3222 | D:9      | Found a shimmering blue altar of Sif Muna.
  3232 | D:9      | Noticed Pikel
  3238 | D:9      | Killed Pikel
  3239 | D:9      | Reached skill level 7 in Shields
  3296 | D:9      | Reached ***** piety under Cheibriados
  3399 | D:9      | Reached XP level 11. HP: 40/72 MP: 11/11
  3422 | D:9      | Noticed a two-headed ogre
  3432 | D:9      | Killed a two-headed ogre
  3433 | D:9      | Reached skill level 1 in Spellcasting
  3690 | D:10     | Noticed a two-headed ogre
  3693 | D:10     | Killed a two-headed ogre
  3694 | D:10     | Reached skill level 5 in Maces & Flails
  3698 | D:10     | Killed a two-headed ogre
  3699 | D:10     | Reached skill level 8 in Shields
  3826 | D:10     | Noticed a manticore
  3914 | D:10     | Found a broken altar of Ashenzari.
  3957 | D:11     | Noticed a boulder beetle
  4026 | D:11     | Found a staircase to the Lair.
  4034 | Lair:1   | Entered Level 1 of the Lair of Beasts
  4083 | Lair:1   | Found a runed translucent gate.
  4084 | Lair:1   | Found a runed translucent gate.
  4087 | Lair:1   | Found the +8 demon blade "Leech" {vamp, Harm Drain rN+}
  4144 | Lair:1   | Noticed NoOffense's ghost (journeyman DEEn)
  4154 | Lair:1   | Found a runed translucent gate.
  4230 | Lair:3   | Reached skill level 9 in Shields
  4230 | Lair:3   | Reached XP level 12. HP: 57/81 MP: 10/16
  4279 | Lair:3   | Noticed a catoblepas
  4300 | Lair:4   | Noticed an eight-headed hydra
  4326 | Lair:4   | Killed an eight-headed hydra
  4367 | Lair:4   | Noticed a six-headed hydra
  4371 | Lair:4   | Noticed a death yak
  4387 | Lair:4   | Noticed a four-headed hydra
  4411 | Lair:5   | Entered Level 5 of the Lair of Beasts
  4420 | Lair:5   | Noticed a six-headed hydra
  4430 | Lair:5   | Killed a six-headed hydra
  4472 | Lair:5   | HP: 1/81 [cane toad (18)]
  4472 | Lair:5   | Mangled by a black mamba

Illustrated notes

Levels and vault maps discovered:
D:1:      dpeg_arrival_arbitrary_c, layout_loops_ring, serial_shops, shop
D:2:      layout_basic
D:3:      layout_loops_ring, nicolae_uskayaw_murder_on_the_dancefloor,
          nicolae_ecumenical_snake_handling, corexii_item_surrounded_by_moat,
          chequers_serial_rivers_marsh, minmay_misc_feat_cross
D:4:      layout_cave_pools
D:5:      layout_rooms, amcnicky_mini_rare_corridor_liquid, nrook_campfire,
          uniq_sigmund
D:6:      layout_loops_ring, grunt_temple_overflow_open,
          nemelex_dance_club_becter, minitemple, kennysheep_generic_room_6
D:7:      layout_cave_pools, minmay_temple_entry_slanted, serial_shops,
          nicolae_shop_bloodbath_and_beyond, minmay_misc_feat_iff, uniq_maggie
D:8:      layout_loops_ring, mainiacjoe_overflow_chevrons,
          nicolae_blasting_shop, minmay_curled_crystal, uniq_grum
D:9:      layout_irregular_city, mainiacjoe_overflow_cross_hatched,
          elyvilon_altar_1, uniq_joseph, uniq_pikel
D:10:     layout_long_grid, lemuel_tele_altar, kennysheep_kite_vault
D:11:     layout_small_grid, grunt_lair_entry_orc_guard_hut, evilmike_minifort,
          uniq_erica, uniq_snorg
Lair:1:   layout_hall_layers, gammafunk_ghost_split, minivault_11, uniq_amaemon
Lair:2:   layout_hall_layers, elwin_shoals_entry_rocks, grunt_megastairs_5
Lair:3:   layout_cave_pods, dummy_spider_entry
Lair:4:   nzn_winding_woodlands_huge [nzn_winding_woodlands_5x15_sidewinder,
          nzn_winding_woodlands_5x15_pool, nzn_winding_woodlands_5x15_sawtooth,
          nzn_winding_woodlands_5x15_pathside_ponds,
          nzn_winding_woodlands_5x15_split_checker,
          nzn_winding_woodlands_5x15_longhouse,
          nzn_winding_woodlands_5x15_parted,
          nzn_winding_woodlands_5x15_concentric,
          nzn_winding_woodlands_5x15_pockets, nzn_winding_woodlands_5x15_zeroes,
          nzn_winding_woodlands_center_pierced_h,
          nzn_winding_woodlands_center_diamonds,
          nzn_winding_woodlands_15x15_killbox], layout_cave_pods,
          minmay_slime_entry_oklob_enclosed, dreamdust_wasp_nest
Lair:5:   guppyfry_lair_end_dragon, layout_regular_city,
          hangedman_lair_tendril_chambers, portal_ice_cave_demonic_guard, pond

Skill      XL: |  1  2  3  4  5  6  7  8  9 10 11 12 |
---------------+-------------------------------------+-----
Unarmed Combat | 1 2 3 4 5 7 |  7.2
Stealth        | 2 3 4 |  4.9
Fighting       | 2 3 4 5 6 7 |  7.6
Dodging        | 3 4 5 6 7 |  7.9
Evocations     | 4 5 8 |  8.8
Transmutations | 1 2 3 4 5 |  5.5
Shields        | 3 5 7 9 |  9.7
Maces & Flails | 4 6 7 |  7.6
Spellcasting   | 3 4 |  4.0

Action                   |  1- 3 |  4- 6 |  7- 9 | 10-12 || total
-------------------------+-------+-------+-------+-------++-------
Melee: Unarmed           |    51 |    19 |   245 |       ||   315
       Tentacles         |    11 |     6 |    62 |    88 ||   167
       Constrict         |     9 |     5 |    65 |    50 ||   129
       Punch             |       |     1 |    10 |    20 ||    31
       Kick              |       |       |    53 |   130 ||   183
       Morningstar       |       |       |       |   276 ||   276
Throw: Dart              |       |       |       |     4 ||     4
Invok: Slouch            |       |       |       |     3 ||     3
Evoke: Wand              |     2 |    10 |    21 |    19 ||    52
  Use: Potion            |       |     1 |     4 |     4 ||     9
       Scroll            |       |       |     9 |    11 ||    20
 Stab: Sleeping          |     2 |       |    22 |     8 ||    32
       Distracted        |       |       |     1 |     1 ||     2
Armor: Skin              |     3 |     2 |    21 |    77 ||   103
Dodge: Dodged            |    31 |    18 |   144 |   265 ||   458
Block: Kite shield       |       |       |    58 |   328 ||   386

Table legend: (Time is in decaauts)
 A = Elapsed time spent in this place.
 B = Non-inter-level travel time spent in this place.
 C = Inter-level travel time spent in this place.
 D = Time resting spent in this place.
 E = Time spent auto-exploring this place.
 F = Levels seen in this place.
 G = Mean time per level.
                   A        B        C        D        E       F      G
               +--------+--------+--------+--------+--------+-----+--------+
         Total |   6274 |   5891 |    383 |     24 |    408 |  16 |  392.1 |
       Dungeon |   5560 |   5200 |    360 |     21 |    408 |  11 |  505.5 |
          Lair |    714 |    692 |     22 |      3 |      0 |   5 |  142.8 |
               +--------+--------+--------+--------+--------+-----+--------+

Top non-repeatable levels by time:
    D:10: 1009 daAuts
     D:9: 796 daAuts
     D:3: 589 daAuts
     D:1: 551 daAuts
     D:6: 527 daAuts
     D:7: 499 daAuts
     D:8: 480 daAuts
     D:2: 343 daAuts
     D:5: 343 daAuts
     D:4: 251 daAuts
  Lair:1: 204 daAuts
    D:11: 166 daAuts
  Lair:4: 155 daAuts
  Lair:3: 125 daAuts
  Lair:2: 119 daAuts
